 Dungeon Crawl Stone Soup version 0.29.0-11-gd7f09526c8 (webtiles) character file.

Game seed: 4130373520886102828

102 brightshaft the Slasher (level 4, 0/35 HPs)
             Began as a Merfolk Gladiator on Sept 4, 2022.
             Slain by a gnoll
             ... wielding a +0 whip
              (1 damage)
             ... on level 2 of the Dungeon.
             The game lasted 00:02:26 (1962 turns).

brightshaft the Slasher (Merfolk Gladiator)         Turns: 1962, Time: 00:02:26

Health: 0/35       AC:  4    Str: 14    XL:     4   Next: 78%
Magic:  4/4        EV: 14    Int:  7    God:
Gold:   85         SH:  0    Dex: 17    Spells: 3/3 levels left

rFire   . . .      SeeInvis .   a - +0 long sword
rCold   . . .      Faith    .   (no shield)
rNeg    . . .      Spirit   .   b - +0 leather armour
rPois   .          Reflect  .   c - +0 helmet
rElec   .          Harm     .   (no cloak)
rCorr   .          Rampage  .   (no gloves)
Will    .....                   (no boots)
Stlth   +.........              (no amulet)
HPRegen 0.11/turn               (no ring)
MPRegen 0.09/turn               (no ring)

@: no status effects
A: (nimble swimmer 2), mertail
a: no special abilities


You were on level 2 of the Dungeon.
You visited 1 branch of the dungeon, and saw 3 of its levels.

You collected 85 gold pieces.

Inventory:

Hand Weapons
 a - a +0 long sword (weapon)
Missiles
 d - 3 throwing nets (quivered)
 e - a javelin
 r - 6 atropa-tipped darts
Armour
 b - a +0 leather armour (worn)
 c - a +0 helmet (worn)
Jewellery
 q - an amulet of the acrobat
Scrolls
 g - a scroll of acquirement {unknown}
 i - a scroll of butterflies {unknown}
 k - a scroll of teleportation {unknown}
 n - 3 scrolls of identify {unknown}
 o - 3 scrolls of vulnerability {unknown}
Potions
 f - 2 potions of haste {unknown}
 h - 2 potions of brilliance {unknown}
 j - a potion of degeneration {unknown}
 l - 3 potions of curing {unknown}
 m - 2 potions of might {unknown}
 p - 2 potions of lignification {unknown}


   Skills:
 + Level 3.2 Fighting
 * Level 5.3 Long Blades
 - Level 2.0 Throwing
 + Level 4.8 Dodging


You had 3 spell levels left.
You didn't know any spells.
Your spell library was empty.

Dungeon Overview and Level Annotations

Branches:
Dungeon (3/15)

Altars:
Fedhas
Ru


Innate Abilities, Weirdness & Mutations

((You are very nimble when in or above water. (Stealth+, EV+, Speed+++)))
Your lower body shifts to a powerful aquatic tail in water.


Message History

Done exploring.
Done exploring.
There is a stone staircase leading down here.
You climb downwards.
The gnoll shouts!
The endoplasm quivers.
The gnoll shouts! x2; You hear an angry hiss.
Found 29 gold pieces and a scroll labelled XALEUM LUOG.
There is a stone staircase leading up here.
The gnoll barely misses you.
You hit the gnoll but do no damage. The gnoll hits you with a +0 whip.
The gnoll barely misses you. x2
You can't go down here!
The gnoll closely misses you.
The endoplasm hits you but does no damage.
The gnoll barely misses you. The gnoll hits you with a +0 whip.
You climb upwards.
There is a stone staircase leading down here.
The gnoll attacks as you move away! The gnoll completely misses you.
The gnoll hits you with a +0 whip!
You closely miss the gnoll. The gnoll hits you with a +0 whip.
You slash the gnoll!
The gnoll is severely wounded.
The gnoll closely misses you. x2
You closely miss the gnoll.
The gnoll is severely wounded.
The gnoll hits you with a +0 whip. The gnoll barely misses you.
You barely miss the gnoll.
The gnoll is severely wounded.
The gnoll hits you with a +0 whip. The gnoll barely misses you.
You barely miss the gnoll.
The gnoll is heavily wounded.
The gnoll completely misses you. The gnoll hits you with a +0 whip.
* * * LOW HITPOINT WARNING * * *
You hit the gnoll but do no damage.
The gnoll is heavily wounded.
The gnoll hits you with a +0 whip.
* * * LOW HITPOINT WARNING * * *
The gnoll hits you with a +0 whip.
You die...

♣..P......#...#...♣..♣..♣.♣...##.
.P♣.................♣..P).....##.
PPP.♣...#..._...#..P♣.P.♣♣.♣..##.
♣..♣..P.........§..♣.§♣♣♣♣....###
P♣......P.#...#.§.P.P.§♣♣P....#
....♣.....P.P...P♣♣.P.♣P...#..#
.♣).♣♣♣P.♣♣PP♣♣.♣§♣P§♣♣.PP....#
..♣♣.PP♣P.P###.g♣♣§P♣♣♣.####..#
.#..♣..♣##.###Jg@♣P.♣.........#
.#.########.#..#############.####
.#.# ##.###...>## #............
.#.###..........# #.#.####.####
..........#....## #.#.# #.#
.#.......###.#.# #.#.# #.#
........####.#.######.#.# ##.#
......................#.# #..#
#.......#....##########.# #..#


You could see 2 gnolls and an endoplasm.

Vanquished Creatures
  Jessica (D:2)
  A worm (D:2)
  A dart slug (D:1)
  4 orcs (D:2)
  5 ball pythons
  10 endoplasms
  3 goblins (D:2)
  6 hobgoblins
  4 jackals (D:2)
  4 kobolds (D:2)
  8 quokkas
  5 bats
  3 frilled lizards
  4 rats
59 creatures vanquished.

Vanquished Creatures (others)
  10 plants (D:2)
10 creatures vanquished.

Grand Total: 69 creatures vanquished

Notes
Turn   | Place    | Note
-------+----------+-------------------------------------------
     0 | D:1      | brightshaft the Merfolk Gladiator began the quest for the
                  | Orb.
     0 | D:1      | Reached XP level 1. HP: 16/16 MP: 1/1
   266 | D:1      | Reached XP level 2. HP: 23/23 MP: 2/2
   282 | D:1      | Reached skill level 4 in Long Blades
   530 | D:1      | Reached XP level 3. HP: 28/28 MP: 3/3
   986 | D:2      | Reached XP level 4. HP: 22/35 MP: 4/4
  1125 | D:2      | Found a blossoming altar of Fedhas.
  1306 | D:2      | Found a sacrificial altar of Ru.
  1325 | D:2      | Noticed Jessica
  1328 | D:2      | Killed Jessica
  1329 | D:2      | Reached skill level 5 in Long Blades
  1451 | D:2      | Found a faded altar of an unknown god.
  1962 | D:2      | HP: 1/35 [gnoll/+0 whip (6)]
  1962 | D:2      | Slain by a gnoll

Illustrated notes

Levels and vault maps discovered:
D:1:      lightli_arrival_isolated_outpost, layout_rooms
D:2:      wad_woods_stonehenge, layout_loops_ring,
          shapermc_ecumenical_altar_totnotflames, basic_altar, uniq_jessica
D:3:      layout_basic

Skill      XL: |  1  2  3  4 |
---------------+-------------+-----
Long Blades    | 4 5 |  5.3
Fighting       | 3 |  3.2
Throwing       | |  2.0
Dodging        | |  4.8

Action                   |  1- 3 |  4- 6 || total
-------------------------+-------+-------++-------
Melee: Long sword        |   109 |    55 ||   164
       Punch             |     2 |       ||     2
 Stab: Sleeping          |     1 |       ||     1
Armor: Leather armour    |    18 |    13 ||    31
Dodge: Dodged            |    84 |    41 ||   125
